 Seeded DCSS version 0.29.1-15-g9cfb28693d (webtiles) character file.

Game seed: 11851575853161599096 (custom seed)

15191 Sanktem7 the Blocker (level 12, -13/96 HPs)
             Began as a Formicid Fighter on Mar 17, 2023.
             Was a High Priest of Okawaru.
             Killed from afar by Roxanne (51 damage)
             ... with a bolt of magma
             ... on level 1 of the Snake Pit.
             The game lasted 00:12:53 (9107 turns).

Sanktem7 the Blocker (Formicid Fighter)             Turns: 9107, Time: 00:12:54

Health: -13/96     AC: 30    Str: 25    XL:     12   Next: 54%
Magic:  13/15      EV: 11    Int: 13    God:    Okawaru [*****.]
Gold:   541        SH: 12    Dex: 13    Spells: 11/11 levels left

rFire   . . .      SeeInvis +   X - +3 war axe (freeze) {axe}
rCold   . . .      Faith    .   c - +0 buckler
rNeg    . . .      Spirit   .   u - +15 Maxwell's patent armour {-Cast -Tele rElec Will+ rCorr}
rPois   .          Reflect  +   (helmet unavailable)
rElec   +          Harm     .   T - +0 cloak
rCorr   +          Rampage  .   (no gloves)
Will    ++...      NoCast   +   (no boots)
Stlth   ..........              Q - amulet "Kisy" {Reflect Int+4 SH+5}
HPRegen 0.26/turn               i - +4 ring of evasion
MPRegen 0.14/turn               s - +4 ring of slaying

@: studying 2 skills
A: permanent stasis, dig shafts and tunnels, antennae 3, four strong arms
a: Dig, Shaft Self, Renounce Religion, Heroism, Finesse, Duel


You were on level 1 of the Snake Pit.
You worshipped Okawaru.
Okawaru was extremely pleased with you.
You visited 3 branches of the dungeon, and saw 12 of its levels.

You collected 645 gold pieces.
You spent 104 gold pieces at shops.


Innate Abilities, Weirdness & Mutations

You cannot be hasted, slowed, berserked, paralysed or teleported.
You can dig through walls and to a lower floor.
You have a pair of large antennae on your head. (SInv)
Your four strong arms can wield two-handed weapons with a shield.


   Skills:
 + Level 9.5 Fighting
 * Level 11.6 Axes
 + Level 6.2 Throwing
 + Level 9.6 Armour
 + Level 13.2 Shields
 - Level 5.0 Invocations


You had 11 spell levels left.
You didn't know any spells.
Your spell library contained the following spells:

 Spells                   Type           Power      Damage    Failure   Level
 Necrotise                Necr           0%         1d4       98%         1
 Shock                    Conj/Air       0%         1d3       98%         1
 Static Discharge         Conj/Air       0%         3-3/arc   99%         2
 Gell's Gravitas          Tloc           0%         N/A       100%        3
 Teleport Other           Tloc           0%         N/A       100%        3
 Vampiric Draining        Necr           0%         2d6       100%        3
 Airstrike                Air            0%         2d(0-16)  100%        4
 Hailstorm                Conj/Ice       0%         3d3       100%        4
 Ice Form                 Ice/Tmut       0%         N/A       100%        4
 Agony                    Necr           0%         N/A       100%        5
 Alistair's Intoxication  Tmut/Pois      0%         N/A       100%        5
 Borgnjor's Vile Clutch   Necr/Erth      0%         N/A       100%        5
 Iskenderun's Battlesphe  Conj           0%         2d6       100%        5
 Lightning Bolt           Conj/Air       0%         1d11      100%        5
 Dispersal                Tloc           0%         N/A       100%        6
 Eringya's Noxious Bog    Tmut/Pois      0%         N/A       100%        6
 Iron Shot                Conj/Erth      0%         9d1       100%        6
 Maxwell's Capacitive Co  Air            0%         ∞         100%        8
 Swiftness                Air            Unusable   N/A       N/A         3
 Simulacrum               Ice/Necr       Unusable   N/A       N/A         6
 Spellforged Servitor     Conj/Summ      Unusable   N/A       N/A         7

Inventory:

Hand Weapons
 S - a +1 whip of flaming {mace}
   (You took it off a gnoll bouda on level 8 of the Dungeon)
 X - a +3 war axe of freezing (weapon) {axe}
   (You took it off a wight on level 8 of the Dungeon)
Missiles
 h - 8 boomerangs {throwing}
 m - 81 stones {throwing}
 v - 19 poisoned darts {throwing}
 A - 2 throwing nets {=f!fthrowing}
 E - 6 curare-tipped darts {=fthrowing}
Armour
 c - a +0 buckler (worn)
 u - the +15 Maxwell's patent armour (worn) {-Cast -Tele rElec Will+ rCorr}
   (You found it on level 3 of the Dungeon)

   rElec:     It insulates you from electricity.
   -Cast:     It prevents spellcasting.
   -Tele:     It prevents most forms of teleportation.
   rCorr:     It protects you from acid and corrosion.
   Will:      It increases your willpower.
 T - a +0 cloak (worn)
   (You took it off Maurice on level 8 of the Dungeon)
Magical Staves
 a - a staff of poison {!astaff}
   (You found it on level 2 of the Dungeon)
Jewellery
 i - a +4 ring of evasion (left hand)
   (You found it on level 2 of the Dungeon)
 s - a +4 ring of slaying (right hand)
   (You found it on level 1 of the Dungeon)
 Q - the amulet "Kisy" (around neck) {Reflect Int+4 SH+5}
   (You found it on level 7 of the Dungeon)

   [amulet of reflection]

   It reflects blocked missile attacks.
   Int:       It affects your intelligence (+4).
   SH:        It affects your SH (+5).
Wands
 q - a wand of light (6)
   (You found it on level 1 of the Lair of Beasts)
 x - a wand of paralysis (25)
   (You found it on level 4 of the Dungeon)
 y - a wand of mindburst (7)
   (You found it on level 1 of the Lair of Beasts)
 H - a wand of flame (45)
   (You found it on level 6 of the Dungeon)
 U - a wand of iceblast (11)
   (You took it off Maurice on level 8 of the Dungeon)
Scrolls
 b - 5 scrolls of identify {@r1}
 j - 5 scrolls of teleportation {unknown}
 k - a scroll of acquirement
 l - a scroll of enchant weapon
 n - 2 scrolls of blinking {unknown}
 o - 3 scrolls of poison {!r}
 r - 3 scrolls of noise {unknown}
 t - 2 scrolls of enchant armour
 z - a scroll of fog
 R - a scroll of fear {unknown}
Potions
 d - 3 potions of might
 e - 9 potions of curing {@q1}
 f - 7 potions of haste {@q3}
 g - 5 potions of brilliance {unknown}
 p - 3 potions of mutation {unknown}
 w - 3 potions of flight {unknown}
 B - a potion of heal wounds {unknown}
 C - 2 potions of berserk rage {unknown}
 G - 3 potions of lignification {unknown}
 I - 3 potions of invisibility {unknown}

Dungeon Overview and Level Annotations

Branches:
Dungeon (9/15) Zot: 26652  Temple (0/1) D:5            Lair (2/5) D:9 Zot: 10053
  Snake (1/4) Lair:2 Zot: 5919
  Swamp: Lair:2-3    Shoals: Lair:2-3       Orc: D:9-12

Altars:
Okawaru
Uskayaw
Wu Jian
Yredelemnul

Shops:
D:4 [   D:5 [   D:7 *

Annotations:
D:7 1 runed translucent door, Sanktem7's ghost, novice FoFi
Snake:1 Roxanne

...... .....
#... #..# . ###
#..###...
.....###†.......
.......<).#
.#..#####.##
#.@.#
#..8.......
.......#^....
.........##....
.####.##.# #...
.. .# .## ... ..
# .... .#


You could see Roxanne.


Message History

There is a staircase to the Snake Pit, spattered with blood here. 😮 HP[-15]
You take 15 damage, and now have 54/95 hp.
You slash Kirke! You freeze Kirke. You slash the hog! You freeze the hog.
You kill the hog!
Okawaru accepts your kill. Kirke hits you but does no damage.
Kirke is nearby!
You completely miss Kirke. Kirke misses you.
You slash Kirke! You freeze Kirke.
You kill Kirke!
Okawaru is honoured by your kill.
Your Throwing skill increases to level 6!
Your Shields skill increases to level 13! 😮 HP[+1]
You now have 96 max hp (+1).
You start resting. 😎 HP[+41]
Your hp is fully restored (96).
You climb downwards.
Welcome back to the Snake Pit!
This branch contains the serpentine rune of Zot.
There is a staircase back to the Lair, spattered with blood here.
You closely miss the naga mage.
The naga mage casts a spell.
The naga mage seems to speed up.
You slash the naga mage! You freeze the naga mage.
The naga mage casts a spell at you. The bolt of poison misses you.
You slice the naga mage!! You freeze the naga mage.
The naga mage spits poison at you. The splash of poison misses you.
The naga mage gestures at you while chanting.
The bolt of poison hits you but does no damage.
You are poisoned.
You hit the naga mage. You freeze the naga mage.
You feel very sick.
The naga mage barely misses you. x2 😕 HP[-3]
You take 3 damage, and now have 93/96 hp.
You closely miss the naga mage.
You feel very sick. The naga mage barely misses you. The naga mage grabs you.
The naga mage constricts you.
The naga mage hits you but does no damage.
The naga mage constricts you. 😕 HP[-3]
You take 3 damage, and now have 90/96 hp.
You hit the naga mage. You freeze the naga mage.
You kill the naga mage!
Okawaru is honoured by your kill.
You feel sick. 😕 HP[-1]
You take 1 damage, and now have 89/96 hp.
You start resting.
You feel sick. x7
You are no longer poisoned. 😕 HP[-6]
You take 6 damage, and now have 83/96 hp.
You start resting.
You sense a monster nearby. 😕 HP[+1]
You start resting.
A mana viper comes into view. 😕 HP[+7]
You regained 7 hp, and now have 91/96 hp.
A mana viper is nearby!
Roxanne, Geomancer Emeritus comes into view.
The mana viper hisses angrily.
The mana viper bites you.
You feel your power leaking away.
Marking area around Roxanne as unsafe for travelling.
Things that are here:
a +0 whip {mace}; a +0 robe; a hog skeleton 😕 HP[-1] MP[-2]
You take 1 damage, and now have 90/96 hp.
You lost 2 mp, and now have 13/15 mp.
You barely miss the mana viper. You block the mana viper's attack.
You hit the mana viper.
The mana viper seems to slow down.
You freeze the mana viper. The mana viper closely misses you.
You slash the mana viper! You freeze the mana viper.
The mana viper barely misses you. 😕 HP[+1]
You slice the mana viper!!
The mana viper seems to slow down.
You freeze the mana viper!
You kill the mana viper!
Okawaru accepts your kill.
Roxanne casts a spell.
The iron shot hits you!!! 😮 HP[-36]
You take 36 damage, and now have 55/96 hp.
MASSIVE DAMAGE!! (PAUSE) Roxanne casts a spell.
The crystal spear hits you!
* * * LOW HITPOINT WARNING * * *
😨 HP[-17]
You take 17 damage, and now have 38/96 hp.
Roxanne casts a spell.
The bolt of magma hits you!!!
Ouch! That really hurt!
You die...

Skill      XL: |  1  2  3  4  5  6  7  8  9 10 11 12 |
---------------+-------------------------------------+-----
Axes           | 3 4 5 6 8 9 10 11 | 11.6
Fighting       | 4 5 6 7 8 9 |  9.5
Armour         | 4 5 6 7 9 |  9.6
Shields        | 5 6 7 8 10 12 13 | 13.2
Throwing       | 2 3 5 6 |  6.2
Invocations    | 2 4 5 |  5.0

Action                   |  1- 3 |  4- 6 |  7- 9 | 10-12 || total
-------------------------+-------+-------+-------+-------++-------
Melee: War axe           |    19 |       |       |   233 ||   252
       Battleaxe         |    73 |   105 |   184 |    37 ||   399
  Use: Scroll            |       |       |       |     7 ||     7
Armor: Scale mail        |    52 |    19 |       |       ||    71
       Plate armour      |       |    43 |   136 |   152 ||   331
Dodge: Dodged            |    81 |    67 |   110 |   134 ||   392
Block: Buckler           |    38 |    34 |    57 |   159 ||   288
       Reflection        |       |       |       |     7 ||     7

Levels and vault maps discovered:
D:1:      lightli_iron_boxes, layout_basic
D:2:      layout_rooms, shapermc_ecumenical_altar_flowoftime
D:3:      layout_basic, uniq_natasha
D:4:      layout_rooms, serial_shops, nicolae_take_the_stairs,
          uniq_blork_the_orc
D:5:      layout_basic, minmay_temple_entry_stoned_glass, serial_shops,
          nicolae_lakefront_shop, grunt_ministairs_2,
          minmay_misc_feat_more_columns, kennysheep_generic_room_15
D:6:      layout_basic, serial_rivers, chequers_serial_rivers_small_a,
          chequers_serial_rivers_micro_c, chequers_serial_rivers_micro_d,
          chequers_serial_rivers_micro_b, chequers_serial_rivers_small_a
D:7:      layout_basic, chequers_temple_overflow_statue_of_worship,
          serial_shops, shop_statue, hellmonk_ghost_happy_afterlife,
          uniq_duvessa, uniq_joseph
D:8:      layout_loops_ring, amcnicky_altar_gilded, guppyfry_early_elven_hall,
          uniq_maurice
D:9:      kennysheep_blocky_room, layout_long_grid, erik_lair_orcish_takeover
Lair:1:   layout_regular_city, st_stairs_13, chequers_serial_rivers_room_a,
          serial_bayou_shore_a, grunt_megastairs_4, uniq_sonja
Lair:2:   layout_layer_cave, minmay_snake_entry_six_corridors,
          grunt_megastairs_1, uniq_maggie
Snake:1:  layout_gridlike, uniq_kirke, uniq_roxanne

Notes
Turn   | Place    | Note
-------+----------+-------------------------------------------
     0 | D:1      | Sanktem7 the Formicid Fighter began the quest for the Orb.
     0 | D:1      | Reached XP level 1. HP: 18/18 MP: 1/1
     0 | D:1      | magus.rc [v1.9.6]
    10 | D:1      | You fall into a shaft and drop 1 floor!
    85 | D:2      | Reached XP level 2. HP: 24/24 MP: 2/2
   257 | D:2      | Found a faded altar of an unknown god.
   557 | D:2      | Reached XP level 3. HP: 22/29 MP: 3/3
  1117 | D:1      | Reached XP level 4. HP: 37/37 MP: 4/4
  1124 | D:1      | Reached skill level 3 in Axes
  1185 | D:1      | You pick up a book of Power and begin reading...
  1185 | D:1      | You add the spells Iskenderun's Battlesphere, Iron Shot and
                  | Spellforged Servitor to your library.
  1476 | D:3      | Noticed Natasha
  1485 | D:3      | Killed Natasha
  1486 | D:3      | Reached XP level 5. HP: 32/42 MP: 5/5
  1612 | D:3      | Found the +15 Maxwell's patent armour {-Cast -Tele rElec
                  | Will+ rCorr}
  1740 | D:3      | Noticed Natasha
  1746 | D:3      | Killed Natasha
  1747 | D:3      | Reached skill level 4 in Fighting
  1747 | D:3      | Reached skill level 4 in Armour
  1811 | D:3      | You pick up a book of Air and begin reading...
  1811 | D:3      | You add the spells Shock and Airstrike to your library.
  1980 | D:3      | Noticed Natasha
  1985 | D:3      | Killed Natasha
  1986 | D:3      | Reached skill level 5 in Shields
  2206 | D:4      | Noticed Blork the orc
  2214 | D:4      | Reached XP level 6. HP: 42/48 MP: 6/6
  2216 | D:4      | Killed Blork the orc
  2217 | D:4      | Reached skill level 4 in Axes
  2402 | D:4      | Found Kagucra's Armour Boutique.
  2697 | D:5      | Entered Level 5 of the Dungeon
  2711 | D:5      | Reached XP level 7. HP: 44/55 MP: 7/7
  2786 | D:5      | Found Ozadgha's Antique Armour Boutique.
  2870 | D:5      | Reached skill level 5 in Axes
  2896 | D:5      | Reached skill level 6 in Shields
  2943 | D:5      | Found a staircase to the Ecumenical Temple.
  3028 | D:5      | Reached skill level 5 in Armour
  3050 | D:5      | Reached skill level 5 in Fighting
  3310 | D:5      | You add the spells Alistair's Intoxication, Borgnjor's Vile
                  | Clutch and Eringya's Noxious Bog to your library.
  3531 | D:5      | Reached XP level 8. HP: 61/62 MP: 8/8
  3768 | D:6      | You pick up a book of Lightning and begin reading...
  3768 | D:6      | You add the spells Static Discharge, Lightning Bolt and
                  | Maxwell's Capacitive Coupling to your library.
  3950 | D:6      | Reached skill level 6 in Axes
  4634 | D:7      | Reached skill level 7 in Shields
  4675 | D:7      | Found Cyud's General Store.
  4719 | D:7      | Reached skill level 6 in Armour
  4720 | D:7      | Bought 2 potions of curing for 78 gold pieces
  4720 | D:7      | Bought a scroll of identify for 26 gold pieces
  4721 | D:7      | Identified the +1 scale mail of Varoxzih {+Blink Int+5}
  4730 | D:7      | Reached skill level 6 in Fighting
  4730 | D:7      | Reached XP level 9. HP: 69/69 MP: 9/9
  4731 | D:7      | Reached skill level 7 in Axes
  4804 | D:7      | Noticed Duvessa
  4806 | D:7      | Noticed Dowan
  4816 | D:7      | Killed Duvessa
  4827 | D:7      | Killed Dowan
  4841 | D:7      | Found an iron altar of Okawaru.
  4842 | D:7      | Found a hide-covered altar of Uskayaw.
  4844 | D:7      | Found an ornate altar of the Wu Jian Council.
  4851 | D:7      | Became a worshipper of Warmaster Okawaru
  5089 | D:7      | Found a runed translucent door.
  5089 | D:7      | Noticed Sanktem7's ghost (novice FoFi)
  5429 | D:7      | Noticed Joseph
  5437 | D:7      | Killed Joseph
  5438 | D:7      | Reached skill level 1 in Throwing
  5438 | D:7      | Reached skill level 8 in Shields
  5438 | D:7      | Reached skill level 1 in Invocations
  5519 | D:7      | Identified the amulet "Kisy" {Reflect Int+4 SH+5}
  5592 | D:8      | Found a basalt altar of Yredelemnul.
  5817 | D:8      | Noticed Maurice
  5841 | D:8      | Killed Maurice
  5841 | D:8      | Reached * piety under Okawaru
  5842 | D:8      | Reached skill level 2 in Invocations
  5937 | D:8      | Reached skill level 8 in Axes
  5942 | D:8      | Reached skill level 2 in Throwing
  5944 | D:8      | Reached ** piety under Okawaru
  5945 | D:8      | Reached skill level 7 in Armour
  5945 | D:8      | Reached XP level 10. HP: 70/77 MP: 11/11
  5949 | D:8      | Reached skill level 7 in Fighting
  5951 | D:8      | Reached skill level 3 in Invocations
  6085 | D:8      | Identified a scroll of acquirement
  6085 | D:8      | Acquired a manual of Shields
  6309 | D:8      | Reached skill level 3 in Throwing
  6499 | D:8      | Reached skill level 9 in Shields
  6619 | D:8      | Noticed a deep elf pyromancer
  6628 | D:8      | Killed a deep elf pyromancer
  6762 | D:9      | Reached skill level 9 in Axes
  6762 | D:9      | Reached skill level 4 in Invocations
  6836 | D:9      | Reached *** piety under Okawaru
  6956 | D:9      | Reached skill level 10 in Shields
  6956 | D:9      | Reached XP level 11. HP: 78/85 MP: 14/14
  6996 | D:9      | Found a staircase to the Lair.
  7006 | D:9      | Reached skill level 8 in Armour
  7007 | D:9      | Reached skill level 4 in Throwing
  7007 | D:9      | Reached **** piety under Okawaru
  7092 | Lair:1   | Entered Level 1 of the Lair of Beasts
  7113 | Lair:1   | You pick up a book of the Tundra and begin reading...
  7113 | Lair:1   | You add the spells Hailstorm and Ice Form to your library.
  7130 | Lair:1   | Reached skill level 8 in Fighting
  7130 | Lair:1   | Reached skill level 5 in Invocations
  7329 | Lair:1   | You pick up a book of Necromancy and begin reading...
  7329 | Lair:1   | You add the spells Necrotise, Vampiric Draining and Agony
                  | to your library.
  7368 | Lair:1   | Noticed Sonja
  7382 | Lair:1   | Killed Sonja
  7383 | Lair:1   | Reached skill level 10 in Axes
  7477 | Lair:1   | Reached skill level 11 in Shields
  7559 | Lair:1   | Reached ***** piety under Okawaru
  8166 | Lair:2   | Reached skill level 5 in Throwing
  8295 | Lair:2   | You add the spells Gell's Gravitas, Teleport Other and
                  | Dispersal to your library.
  8327 | Lair:2   | Received a gift from Okawaru
  8483 | Lair:2   | Reached skill level 9 in Armour
  8483 | Lair:2   | Reached skill level 12 in Shields
  8525 | Lair:2   | Found a staircase to the Snake Pit.
  8533 | Lair:2   | Received a gift from Okawaru
  8534 | Lair:2   | Reached XP level 12. HP: 92/94 MP: 15/15
  8546 | Lair:2   | Reached skill level 11 in Axes
  8561 | Lair:2   | Reached skill level 9 in Fighting
  8588 | Snake:1  | Entered Level 1 of the Snake Pit
  8589 | Snake:1  | Noticed Kirke
  8591 | Snake:1  | Noticed an anaconda
  8746 | Lair:2   | Killed an anaconda
  8891 | Snake:1  | Noticed a sphinx
  8898 | Lair:2   | Killed Kirke
  8899 | Lair:2   | Reached skill level 6 in Throwing
  8899 | Lair:2   | Reached skill level 13 in Shields
  9101 | Snake:1  | Identified Roxanne's Guide on the Ground
  9101 | Snake:1  | Noticed Roxanne
  9107 | Snake:1  | Killed from afar by Roxanne

Vanquished Creatures
  Kirke (Lair:2)
  An anaconda (Lair:2)
  Sonja (Lair:1)
  A mana viper (Snake:1)
  A deep elf pyromancer (D:8)
  A naga mage (Snake:1)
  Maurice (D:8)
  4 black mambas (Lair:2)
  3 cane toads
  Joseph (D:7)
  22 yaks
  2 wyverns
  6 hogs
  2 basilisks (Lair:1)
  2 wargs (D:9)
  A naga (Lair:2)
  7 water moccasins
  Duvessa (D:7)
  An orc warrior (D:9)
  A sky beast (D:7)
  6 wolves
  3 centaurs
  3 ogres
  2 kobold brigands
  Blork the orc (D:4)
  8 bullfrogs
  A gnoll sergeant (D:9)
  A necrophage (D:6)
  2 scorpions
  6 wights
  Dowan (D:7)
  4 howler monkeys
  3 electric eels (Lair:1)
  3 jellies
  An orc priest (D:5)
  3 hounds
  2 gnoll boudas
  6 orc wizards
  2 iguanas (D:5)
  Natasha (thrice) (D:3)
  5 adders
  13 gnolls
  A shadow imp (D:7)
  2 white imps
  3 dart slugs
  26 orcs
  7 bats
  9 endoplasms
  4 giant cockroaches
  9 goblins
  6 hobgoblins
  7 jackals
  14 kobolds
  4 quokkas
  8 ball pythons
  2 frilled lizards
241 creatures vanquished.

Vanquished Creatures (others)
  A fungus (Lair:1)
  4 plants
5 creatures vanquished.

Grand Total: 246 creatures vanquished

Table legend:
 A = Non-vault XP
 B = Vault XP
 C = Vault XP percentage of total XP
 D = Non-vault monster count
 E = Vault monster count
 F = Vault count percentage of total count
                 A         B        C        D         E       F
            +---------+---------+-------+---------+---------+-------
      Total |   12256 |    9446 |  43.5 |     197 |      44 |  18.3
            +---------+---------+-------+---------+---------+-------
        D:1 |      64 |       0 |   0.0 |      26 |       0 |   0.0
        D:2 |      32 |       0 |   0.0 |      17 |       0 |   0.0
        D:3 |      90 |      35 |  28.0 |      12 |       1 |   7.7
        D:4 |     152 |      91 |  37.4 |      24 |       1 |   4.0
        D:5 |     582 |      59 |   9.2 |      17 |       4 |  19.0
        D:6 |     493 |       0 |   0.0 |      15 |       0 |   0.0
        D:7 |     780 |     604 |  43.6 |      23 |       3 |  11.5
        D:8 |    2048 |     828 |  28.8 |      22 |       2 |   8.3
        D:9 |    1839 |     767 |  29.4 |      14 |       9 |  39.1
     Lair:1 |    1180 |    2117 |  64.2 |       8 |       8 |  50.0
     Lair:2 |    3943 |    4357 |  52.5 |      17 |      13 |  43.3
    Snake:1 |    1053 |     588 |  35.8 |       2 |       3 |  60.0
            +---------+---------+-------+---------+---------+-------

Illustrated notes

Table legend:
 A = Kills in this place as a percentage of kills in entire the game.
 B = Kills by you in this place as a percentage of kills by you in the entire game.
 C = Kills by friends in this place as a percentage of kills by friends in the entire game.
 D = Other kills in this place as a percentage of other kills in the entire game.
 E = Experience gained in this place as a percentage of experience gained in the entire game.
 F = Experience gained in this place divided by the number of levels of this place that you have seen.
                   A       B       C       D       E      F
               +-------+-------+-------+-------+-------+----------------------
         Total | 100.0 | 100.0 |   N/A |   N/A | 100.0 | 1808.5
       Dungeon |  78.8 |  78.8 |   N/A |   N/A |  39.0 | 940.4
          Lair |  19.1 |  19.1 |   N/A |   N/A |  53.4 | 5798.5
     Snake Pit |   2.1 |   2.1 |   N/A |   N/A |   7.6 | 1641.0
               +-------+-------+-------+-------+-------+----------------------

Table legend: (Time is in decaauts)
 A = Elapsed time spent in this place.
 B = Non-inter-level travel time spent in this place.
 C = Inter-level travel time spent in this place.
 D = Time resting spent in this place.
 E = Time spent auto-exploring this place.
 F = Levels seen in this place.
 G = Mean time per level.
                   A        B        C        D        E       F      G
               +--------+--------+--------+--------+--------+-----+--------+
         Total |   9318 |   9089 |    229 |    460 |   7093 |  12 |  776.5 |
       Dungeon |   7292 |   7091 |    201 |      0 |   5865 |   9 |  810.2 |
          Lair |   1947 |   1919 |     28 |    423 |   1227 |   2 |  973.5 |
     Snake Pit |     79 |     79 |      0 |     37 |      0 |   1 |   79.0 |
               +--------+--------+--------+--------+--------+-----+--------+

Top non-repeatable levels by time:
     D:8: 1188 daAuts
  Lair:1: 1049 daAuts
     D:6: 1003 daAuts
     D:7: 986 daAuts
     D:5: 965 daAuts
  Lair:2: 897 daAuts
     D:2: 819 daAuts
     D:3: 733 daAuts
     D:1: 688 daAuts
     D:4: 560 daAuts
     D:9: 347 daAuts
 Snake:1: 79 daAuts
